 Dungeon Crawl Stone Soup version 0.30-b1-2-g02819fbbbe (webtiles) character file.

Game seed: 14180478910159789179

1931 LLlMATKO the Trooper (level 8, -24/73 HPs)
             Began as a Minotaur Berserker on June 29, 2023.
             Was a Priest of Trog.
             Annihilated by an ogre
             ... wielding a +0 giant club
              (25 damage)
             ... on level 6 of the Dungeon.
             The game lasted 00:05:08 (4917 turns).

LLlMATKO the Trooper (Minotaur Berserker)           Turns: 4917, Time: 00:05:09

Health: -24/73     AC: 17    Str: 23    XL:     8   Next: 97%
Magic:  7/7        EV:  6    Int:  4    God:    Trog [***...]
Gold:   264        SH: 12    Dex: 11    Spells: 7/7 levels left

rFire   . . .        a - +0 hand axe
rCold   . . .        u - +0 tower shield
rNeg    . . .        h - +0 plate armour
rPois   .            r - +2 hat
rElec   .            z - +0 cloak
rCorr   .            B - +0 pair of gloves
SInv    .            (no boots)
Will    .....        (no amulet) Stlth
                     (no ring)
HPRegen 0.32/turn    (no ring)
MPRegen 0.10/turn

%: no passive effects
@: lethally poisoned (-24 -> -30), on berserk cooldown, slowed, very slow
A: horns 2, retaliatory headbutt
a: Renounce Religion, Berserk, Trog's Hand


You were on level 6 of the Dungeon.
You worshipped Trog.
Trog was most pleased with you.
You visited 1 branch of the dungeon, and saw 6 of its levels.

You collected 309 gold pieces.
You spent 45 gold pieces at shops.

Inventory:

Hand Weapons
 a - a +0 hand axe (weapon)
 v - a +0 whip of flaming
Armour
 h - a +0 plate armour (worn)
 m - the +1 ring mail "Uniewum" {rN++ Will+++ Int-4 SInv}
   (You took it off an orc on level 2 of the Dungeon)

   Int:       It affects your intelligence (-4).
   rN:        It greatly protects you from negative energy.
   SInv:      It lets you see invisible.
   Will:      It greatly increases your willpower.
 r - a +2 hat (worn)
 u - a +0 tower shield (worn)
 z - a +0 cloak (worn)
 B - a +0 pair of gloves (worn)
Wands
 n - a wand of digging (2)
 t - a wand of roots (6)
Scrolls
 b - a scroll of silence {unknown}
 c - 2 scrolls of fog {unknown}
 d - a scroll of magic mapping {unknown}
 e - a scroll of summoning {unknown}
 f - 8 scrolls of identify {unknown}
 i - 2 scrolls of enchant weapon {unknown}
 j - 3 scrolls of vulnerability {unknown}
 q - a scroll of fear {unknown}
 y - 2 scrolls of teleportation {unknown}
 A - 2 scrolls of enchant armour {unknown}
Potions
 g - a potion of flight {unknown}
 k - 2 potions of berserk rage {unknown}
 l - a potion of attraction {unknown}
 o - a potion of invisibility {unknown}
 p - a potion of might {unknown}
 s - a potion of heal wounds {unknown}
 w - a potion of resistance {unknown}
 x - 3 potions of cancellation {unknown}


   Skills:
 + Level 7.6 Fighting
 + Level 7.6 Axes
 + Level 7.0 Armour
 + Level 6.3 Dodging
 + Level 4.0 Shields


You had 7 spell levels left.
You didn't know any spells.
Your spell library was empty.

Dungeon Overview and Level Annotations

Branches:
Dungeon (6/15)             Temple (0/1) D:5

Altars:
Okawaru
Qazlal
Sif Muna
Yredelemnul
The Shining One

Shops:
D:1 ([[[:   D:4 [?*===([


Innate Abilities, Weirdness & Mutations

You have a pair of horns on your head.
You reflexively headbutt those who attack you in melee.


Message History

Trog accepts your kill.
You are engulfed in a cloud of scalding steam.
Your Armour skill increases to level 7!
Your Shields skill increases to level 4!
A black bear comes into view.
You feel a strong urge to attack something.
You see here 15 gold pieces.
You feel your anger nearly subside.
You are no longer berserk.
You are exhausted.
You feel yourself slow down. The water moccasin barely misses you.
You block the water moccasin's attack. The water moccasin barely misses you.
You hit the water moccasin.
Your headbutt misses the water moccasin.
The water moccasin is lightly wounded.
You block the water moccasin's attack. The water moccasin bites you.
You slash the water moccasin!
The water moccasin is moderately wounded.
The water moccasin bites you but does no damage.
You block the water moccasin's attack. The water moccasin bites you.
You are poisoned.
The water moccasin poisons you!
You hit the ogre but do no damage. You closely miss the water moccasin.
You feel extremely sick. You block the water moccasin's attack.
The ogre hits you with a +0 giant club!!
* * * LOW HITPOINT WARNING * * *
You block the water moccasin's attack. The ogre barely misses you.
Unknown command.
You slash the ogre!
The ogre is moderately wounded.
You miss the water moccasin.
* * * LOW HITPOINT WARNING * * *
You feel very sick. You block the water moccasin's attack.
The water moccasin bites you but does no damage.
The water moccasin completely misses you.
The ogre hits you with a +0 giant club!!
You die...

##...............##
#..............###
#....).........##
#.).............###
#.................###
#....<...............
##............###.###
##...........## .#
######.....@O## . .#
#.##.##Sh# ######...
#.#..###.###........
..#.## #..#.........
.##. ##........... .
#. ##$..........
##............
#.............
#...#..........


You could see a water moccasin, a black bear and an ogre.

Vanquished Creatures
  Pikel (D:5)
  Sigmund (D:3)
  A steam dragon (D:6)
  Duvessa (D:4)
  2 sky beasts (D:6)
  A black bear (D:5)
  2 ogres
  4 lemures (D:5)
  Dowan (D:4)
  A gnoll bouda (D:4)
  2 hounds (D:5)
  A jelly (D:5)
  An orc priest (D:3)
  A sleepcap (D:6)
  5 iguanas
  An orc wizard (D:5)
  5 gnolls (D:4)
  8 adders
  A shadow imp (D:5)
  A white imp (D:5)
  2 ufetubi
  A dart slug (D:2)
  16 orcs
  7 endoplasms
  3 giant cockroaches
  4 goblins
  7 hobgoblins
  2 jackals (D:5)
  5 quokkas
  8 ball pythons
  6 bats
  3 frilled lizards (D:1)
  10 kobolds
  5 rats
120 creatures vanquished.

Vanquished Creatures (others)
  A demonic plant (D:1)
  4 fungi (D:5)
5 creatures vanquished.

Grand Total: 125 creatures vanquished

Notes
Turn   | Place    | Note
-------+----------+-------------------------------------------
     0 | D:1      | LLlMATKO the Minotaur Berserker began the quest for the
                  | Orb.
     0 | D:1      | Reached XP level 1. HP: 19/19 MP: 0/0
    25 | D:1      | Found a faded altar of an unknown god.
   107 | D:1      | Found Sappaxoju's Armour Shop.
   116 | D:1      | Found Fouh Qeu's Armour Shoppe.
   171 | D:1      | Reached XP level 2. HP: 27/27 MP: 1/1
   215 | D:1      | Found Qicuusuu's Book Shop.
   307 | D:1      | Found Qyhulor's Antique Armour Shop.
   441 | D:1      | Found Xuveojaff's Weapon Boutique.
   808 | D:2      | Reached XP level 3. HP: 22/33 MP: 2/2
  1030 | D:2      | Reached ** piety under Trog
  1422 | D:2      | Identified the +1 ring mail "Uniewum" {rN++ Will+++ Int-4
                  | SInv}
  1735 | D:3      | Noticed Sigmund
  1739 | D:3      | Reached XP level 4. HP: 39/41 MP: 3/3
  1750 | D:3      | Killed Sigmund
  1751 | D:3      | Reached skill level 5 in Fighting
  1751 | D:3      | Reached skill level 5 in Axes
  1751 | D:3      | Reached XP level 5. HP: 27/48 MP: 4/4
  1754 | D:3      | Reached XP level 6. HP: 30/56 MP: 5/5
  2434 | D:4      | Found Dushra's Jewellery Shop.
  2455 | D:4      | Reached *** piety under Trog
  2579 | D:4      | Found Egig Loi's Magic Scroll Shop.
  2581 | D:4      | Found Satu's Armour Shop.
  2746 | D:4      | Found Cuckyu's Assorted Antiques.
  2761 | D:4      | Reached skill level 5 in Armour
  2761 | D:4      | Reached XP level 7. HP: 62/62 MP: 6/6
  2820 | D:4      | Found Hoihakh's Jewellery Shoppe.
  2851 | D:4      | Noticed Duvessa
  2851 | D:4      | Noticed Dowan
  2859 | D:4      | Killed Duvessa
  2862 | D:4      | Killed Dowan
  2984 | D:4      | Found a stormy altar of Qazlal.
  3264 | D:4      | Found a shimmering blue altar of Sif Muna.
  3316 | D:4      | Found Arapn's Armour Emporium.
  3335 | D:4      | Found Bawkeomuwn's Weapon Shop.
  3380 | D:4      | Found Qico's Jewellery Boutique.
  3654 | D:5      | Entered Level 5 of the Dungeon
  3699 | D:5      | Found a staircase to the Ecumenical Temple.
  3729 | D:5      | Reached skill level 5 in Dodging
  3847 | D:4      | Bought a +0 tower shield for 45 gold pieces
  3944 | D:5      | Found a glowing golden altar of the Shining One.
  3955 | D:5      | Noticed Pikel
  3972 | D:5      | Killed Pikel
  3973 | D:5      | Reached XP level 8. HP: 53/71 MP: 7/7
  4140 | D:5      | Found a basalt altar of Yredelemnul.
  4673 | D:5      | Found an iron altar of Okawaru.
  4917 | D:6      | HP: 1/73 [poisoned by a water moccasin]
  4917 | D:6      | Annihilated by an ogre

Illustrated notes

Levels and vault maps discovered:
D:1:      lightli_arrival_boilingwater, layout_loops_ring, serial_shops,
          nicolae_shop_tiny_waterfront,
          nicolae_shop_temple_entry_statues_fountains, shop, shop, shop,
          shapermc_ecumenical_altar_gd
D:2:      layout_basic
D:3:      layout_rooms, kennysheep_another_room, saegor_snake_ambush,
          uniq_sigmund
D:4:      layout_loops_ring, kennysheep_mini, nicolae_qazlal_eye_of_the_storm,
          serial_shops, nicolae_shop_just_a_little_nook,
          nicolae_shop_gaudy_bauble, nicolae_inconvenience_store,
          nicolae_shop_real_fake_doors, nicolae_square_shop,
          nicolae_shop_distant_corner_stores, fountainhead, uniq_duvessa
D:5:      layout_basic, mainiacjoe_overflow_boulevard, okawaru_gym_becter,
          yredelemnul_altar_generic, minmay_temple_entry_arrows, serial_bayou,
          serial_bayou_pond_a, serial_bayou_pond_e, serial_bayou_pond_e,
          serial_bayou_shore_b, minmay_bent, uniq_pikel
D:6:      layout_rooms, trog_ov_bears_minmay

Skill      XL: |  1  2  3  4  5  6  7  8 |
---------------+-------------------------+-----
Fighting       | 4 5 6 7 |  7.6
Axes           | 4 5 6 7 |  7.6
Armour         | 3 4 5 6 7 |  7.0
Dodging        | 3 4 5 6 |  6.3
Shields        | 2 4 |  4.0

Action                     |  1- 3 |  4- 6 |  7- 9 || total
---------------------------+-------+-------+-------++-------
  Melee: Hand axe          |    71 |    93 |   139 ||   303
         Headbutt          |     6 |    13 |    24 ||    43
         Punch             |       |     2 |     1 ||     3
 Invoke: Berserk           |       |     2 |     4 ||     6
    Use: Potion            |     1 |       |       ||     1
 Armour: Animal skin       |     5 |       |       ||     5
         Plate armour      |    28 |    47 |    84 ||   159
  Dodge: Dodged            |    28 |    47 |    35 ||   110
  Block: Tower shield      |       |       |    65 ||    65
